 Dungeon Crawl Stone Soup version 0.18-a0-1036-g7ac1859 (webtiles) character file.

16862 Jmtri7 the Tortoise (level 12, -39/96 HPs)
             Began as a Deep Dwarf Fighter on Jan 9, 2016.
             Was an Elder of Qazlal.
             Annihilated by a titanic slime creature (73 damage)
             ... on level 12 of the Dungeon.
             The game lasted 01:16:31 (9682 turns).

Jmtri7 the Tortoise (Deep Dwarf Fighter)            Turns: 9682, Time: 01:16:31

Health: -39/96     AC: 22    Str: 26    XL:     12   Next: 13%
Magic:  2/2        EV:  8    Int: 11    God:    Qazlal [****..]
Gold:   897        SH: 20    Dex: 18    Spells: 0 memorised, 11 levels left

rFire  + . .     SeeInvis .     O - +8 spear "Xoameas" {pierce, Dex+4}
rCold  . . .     Gourm    .     H - +4 plate armour {MR+}
rNeg   . . .     Faith    .     c - +0 shield
rPois  .         Spirit   .     L - +2 hat {Int+3}
rElec  .         Dismiss  .     (no cloak)
rCorr  +         Reflect  .     (no gloves)
SustAt .         Harm     .     (no boots)
MR     ++...                    M - amulet of rage
Stlth  ..........               D - +2 ring of dexterity
                                P - ring of resist corrosion

@: exhausted, non-regenerating, slowed, repel missiles, very slow, very
resistant to hostile enchantments, extremely unstealthy
A: damage resistance, recharge devices, fire resistance 1, sense surroundings 2,
slow regeneration 3
a: Device Recharging, Upheaval, Elemental Force, Renounce Religion, Evoke
Berserk Rage


You were on level 12 of the Dungeon.
You worshipped Qazlal.
Qazlal was greatly pleased with you.
You were near starving.

You visited 3 branches of the dungeon, and saw 14 of its levels.

You collected 897 gold pieces.

Inventory:

Hand Weapons
 a - a +0 battleaxe
 i - a +2 war axe of freezing
 E - a +1 falchion
 K - a +2 long sword of protection
 O - the +8 spear "Xoameas" (weapon) {pierce, Dex+4}
   (You found it on level 1 of the Lair of Beasts)

   It inflicts extra damage upon your enemies.
   It affects your dexterity (+4).
 R - a +3 short sword
Armour
 c - a +0 shield (worn)
 t - a +0 helmet
 H - a +4 plate armour of magic resistance (worn)
 L - a +2 hat of intelligence (worn)
Jewellery
 d - an uncursed ring of fire
 v - an uncursed ring of wizardry
 D - a +2 ring of dexterity (right hand)
 M - an amulet of rage (around neck)
 P - a ring of resist corrosion (left hand)
Wands
 e - a wand of heal wounds (2/9)
 h - a wand of draining (7/15)
 o - a wand of flame (0/48)
 x - a wand of slowing (28/48)
 F - a wand of lightning (0/15)
 G - a wand of magic darts (37/48)
 I - a wand of confusion (28/48)
 J - a wand of flame (31/48)
 S - a wand of fire (0/15)
Scrolls
 b - a scroll of random uselessness
 k - 6 scrolls of identify
 l - a scroll of fear
 q - 3 scrolls of amnesia
 s - 3 scrolls of recharging
 y - 3 scrolls of remove curse
 A - 2 scrolls of teleportation
 N - 3 scrolls of magic mapping
Potions
 j - 4 potions of brilliance
 m - a potion of lignification
 n - 2 potions of heal wounds
 p - a potion of invisibility
 u - a potion of magic
 w - 2 potions of cancellation
 z - 6 potions of curing
 B - 3 potions of agility
Miscellaneous
 T - a fan of gales
Comestibles
 f - 8 bread rations
 g - 5 meat rations
 r - 42 fruits
 Q - 2 beef jerkies
 U - a slice of pizza


   Skills:
 - Level 2.6 Fighting
 + Level 2.3 Axes
 - Level 15.0 Armour
 + Level 0.7 Dodging
 - Level 15.0 Shields


You had 11 spell levels left.
You didn't know any spells.

Dungeon Overview and Level Annotations

Branches:
Dungeon (12/15)            Temple (1/1) D:4            Lair (1/8) D:10
    Orc (0/2) D:10

Altars:
Ashenzari
Cheibriados
Dithmenos
Elyvilon
Fedhas
Kikubaaqudgha
Makhleb
Nemelex Xobeh
Okawaru
Pakellas
Qazlal
Ru
Sif Muna
Trog
Vehumet
Yredelemnul
Zin
The Shining One

Shops:
D:4 ?   D:8 :   D:9 %

Portals:
Trove: D:10 (give 18 potions of curing)


Innate Abilities, Weirdness & Mutations

You are resistant to damage.
You can recharge devices by infusing magical energy.
You passively map the area around you.
You do not regenerate naturally.
Your flesh is heat resistant.


Message History

You are no longer berserk.
You are exhausted.
You feel yourself slow down.
You are near starving!
You block the orc's attack.
The titanic slime creature is engulfed in roaring flames.
You block the titanic slime creature's attack.
The orc wizard casts a cantrip, but nothing happens.
You puncture the titanic slime creature!
The titanic slime creature is heavily wounded.
The orc barely misses you.
The titanic slime creature is engulfed in roaring flames.
The titanic slime creature barely misses you.
You block the orc's attack.
The slime creature is engulfed in freezing vapours.
You block the orc's attack.
The titanic slime creature is engulfed in roaring flames.
The titanic slime creature hits you!!!!
Ouch! That really hurt!
You die...

#########
........#
*,........#
........# **
...%.§..# , ,
.....ooo# ####
*
.....oo@###...#
########Jh...#*
#.....§.<###
...####..## * *
#..## , , *
#.## * * ..>* ,
.... * ,, .....


You could see a titanic slime creature, a hound, an orc wizard and 4 orcs.

Vanquished Creatures
  Gastronok (Lair:1)
  Harold (D:9)
  An unseen horror (D:11)
  3 hill giants
  Pikel (D:7)
  3 ugly things (D:11)
  2 manticores (D:11)
  A spiny frog (Lair:1)
  2 komodo dragons (Lair:1)
  Prince Ribbit (D:5)
  A troll (D:10)
  A two-headed ogre (D:11)
  A vampire (D:12)
  A wraith (D:10)
  Sigmund (D:5)
  2 wyverns (D:11)
  A hungry ghost (D:11)
  4 yaks
  3 hippogriffs
  2 water moccasins
  Duvessa (D:7)
  3 phantoms (D:7)
  A necrophage (D:10)
  4 ice beasts
  2 porcupines (Lair:1)
  2 eyes of draining
  6 orc warriors
  4 sky beasts
  A black bear (D:11)
  A slave (D:7)
  6 ogres
  4 centaurs
  A crocodile (Lair:1)
  11 giant frogs
  2 big kobolds
  Dowan (D:7)
  2 scorpions
  9 killer bees
  19 wights
  4 crimson imps
  A centaur zombie (D:5)
  5 giant frog zombies
  A quasit (D:10)
  7 orc priests
  3 hounds
  A jelly (D:6)
  A gnoll shaman (D:7)
  10 orc wizards
  2 iguanas (D:4)
  4 worker ants
  4 hell rats (Lair:1)
  A hound zombie (D:5)
  Robin (D:2)
  3 gnolls (D:7)
  11 river rats (Lair:1)
  6 adders
  2 shadow imps (D:10)
  An adder skeleton (D:4)
  The ghost of Jmtri7 the Shield-Bearer, a weakling FoFi (D:11)
  9 giant geckos
  60 orcs
  3 giant cockroaches
  14 goblins
  5 hobgoblins
  8 jackals
  8 kobolds
  4 quokkas
  3 ball pythons
  3 bats
  A giant gecko skeleton (D:5)
  4 giant newts
  A jackal zombie (D:5)
  18 rats
  3 plants (Lair:1)
326 creatures vanquished.

Vanquished Creatures (others)
  A giant frog (D:7)
  A hound (D:7)
  An orc wizard (D:3)
  An adder zombie (D:7)
  3 orcs
  A fungus (Lair:1)
8 creatures vanquished.

Grand Total: 334 creatures vanquished

Notes
Turn   | Place    | Note
--------------------------------------------------------------
     0 | D:1      | Jmtri7 the Deep Dwarf Fighter began the quest for the Orb.
     0 | D:1      | Reached XP level 1. HP: 20/20 MP: 1/1
   413 | D:1      | Reached XP level 2. HP: 25/27 MP: 2/2
   712 | D:2      | Noticed Robin
   728 | D:2      | Reached skill level 4 in Armour
   732 | D:2      | Reached XP level 3. HP: 29/33 MP: 3/3
   735 | D:2      | Killed Robin
   763 | D:2      | Found a bloodstained altar of Trog.
  1052 | D:2      | You fall through a shaft for 2 floors!
  1061 | D:4      | Reached XP level 4. HP: 26/40 MP: 4/4
  1088 | D:3      | Noticed a centaur
  1098 | D:3      | Killed a centaur
  1098 | D:3      | Reached skill level 5 in Armour
  1098 | D:3      | Reached skill level 5 in Shields
  1098 | D:3      | Reached XP level 5. HP: 34/46 MP: 5/5
  1536 | D:3      | Reached XP level 6. HP: 25/55 MP: 6/6
  1746 | D:3      | Reached skill level 6 in Shields
  1838 | D:4      | Found Lodept's Magic Scroll Boutique.
  1973 | D:4      | Found a deep blue altar of Sif Muna.
  2045 | D:4      | Found a staircase to the Ecumenical Temple.
  2051 | Temple   | Entered the Ecumenical Temple
  2109 | Temple   | Became a worshipper of Qazlal Stormbringer
  2234 | D:4      | Reached XP level 7. HP: 37/61 MP: 7/7
  2245 | D:4      | Found a radiant altar of Vehumet.
  2245 | D:4      | Found a burning altar of Makhleb.
  2578 | D:5      | Entered Level 5 of the Dungeon
  2597 | D:5      | Reached skill level 7 in Shields
  2673 | D:5      | Found a glowing golden altar of the Shining One.
  2701 | D:5      | Noticed Prince Ribbit
  2798 | D:5      | Killed Prince Ribbit
  2850 | D:5      | Found an iron altar of Okawaru.
  2852 | D:5      | Found a sparkling altar of Nemelex Xobeh.
  2852 | D:5      | Found a white marble altar of Elyvilon.
  2853 | D:5      | Found an ancient bone altar of Kikubaaqudgha.
  2853 | D:5      | Found an oddly glowing altar of Pakellas.
  2892 | D:5      | Found a snail-covered altar of Cheibriados.
  2904 | D:5      | Reached XP level 8. HP: 41/68 MP: 8/8
  2907 | D:5      | Reached * piety under Qazlal
  2909 | D:5      | Reached skill level 8 in Shields
  3335 | D:5      | Noticed Sigmund
  3357 | D:5      | Killed Sigmund
  3570 | D:6      | Reached skill level 9 in Shields
  4178 | D:7      | Noticed Pikel
  4210 | D:7      | Killed Pikel
  4210 | D:7      | Gained mutation: You passively map the area around you. [Deep Dwarf growth]
  4210 | D:7      | Reached XP level 9. HP: 56/74 MP: 6/6
  4225 | D:7      | Found a glowing silver altar of Zin.
  4257 | D:7      | Reached skill level 10 in Shields
  4270 | D:7      | Found a shattered altar of Ashenzari.
  4274 | D:7      | Reached skill level 10 in Armour
  4352 | D:7      | Noticed Duvessa
  4359 | D:7      | Noticed Dowan
  4363 | D:7      | Killed Duvessa
  4364 | D:7      | Killed Dowan
  4407 | D:7      | Reached ** piety under Qazlal
  4449 | D:7      | Reached skill level 11 in Armour
  4686 | D:7      | Reached XP level 10. HP: 66/81 MP: 7/7
  4692 | D:7      | Found a shadowy altar of Dithmenos.
  5651 | D:8      | Found Owiachaj's Book Boutique.
  6047 | D:9      | Found Yrghov's Food Shoppe.
  6065 | D:9      | Reached *** piety under Qazlal
  6280 | D:9      | Reached skill level 12 in Armour
  6714 | D:10     | Entered Level 10 of the Dungeon
  6714 | D:10     | Found a staircase to the Lair.
  6714 | D:10     | Noticed Harold
  6719 | D:9      | HP: 2/81 [Harold/bolt of fire (33)]
  6729 | D:9      | Killed Harold
  6877 | D:10     | Found a staircase to the Orcish Mines.
  6960 | D:10     | Found a portal to a secret trove of treasure.
  7161 | D:10     | Noticed a hill giant
  7173 | D:10     | Killed a hill giant
  7173 | D:10     | Reached skill level 13 in Shields
  7415 | Lair:1   | Entered Level 1 of the Lair of Beasts
  7520 | Lair:1   | Noticed a spiny frog
  7532 | Lair:1   | Killed a spiny frog
  7532 | Lair:1   | Reached XP level 11. HP: 60/88 MP: 5/5
  7556 | Lair:1   | Reached **** piety under Qazlal
  7599 | Lair:1   | Noticed Gastronok
  7611 | Lair:1   | Killed Gastronok
  8041 | Lair:1   | Got a polished spear
  8042 | Lair:1   | Identified the +8 spear "Xoameas" {pierce, Dex+4} (You found it on level 1 of the Lair of Beasts)
  8390 | D:11     | Reached skill level 14 in Armour
  8508 | D:11     | Noticed a white ugly thing
  8515 | D:11     | Killed a white ugly thing
  8574 | D:10     | Gained mutation: Your mind is acute. (Int +2) [mutagenic meat]
  8575 | D:10     | Gained mutation: You are weak. (Str -2) [mutagenic meat]
  8576 | D:10     | Gained mutation: Your flesh is heat resistant. [mutagenic meat]
  8577 | D:10     | Gained mutation: Your spells are a little easier to cast, but a little less powerful. [mutagenic meat]
  8578 | D:10     | Gained mutation: Your body sometimes deteriorates upon taking damage. [mutagenic meat]
  8580 | D:10     | Lost mutation: Your body sometimes deteriorates upon taking damage. [potion of cure mutation]
  8580 | D:10     | Lost mutation: Your mind is acute. (Int +2) [potion of cure mutation]
  8580 | D:10     | Lost mutation: Your spells are a little easier to cast, but a little less powerful. [potion of cure mutation]
  8580 | D:10     | Lost mutation: You are weak. (Str -2) [potion of cure mutation]
  8650 | D:11     | Noticed a hill giant
  8669 | D:11     | Killed a hill giant
  8694 | D:11     | Noticed a red ugly thing
  8696 | D:11     | Noticed a white ugly thing
  8699 | D:11     | Noticed a hill giant
  8710 | D:11     | Killed a white ugly thing
  8715 | D:11     | Killed a white ugly thing
  8721 | D:11     | Killed a hill giant
  8868 | D:11     | Noticed Jmtri7's ghost (weakling FoFi)
  8876 | D:11     | Killed Jmtri7's ghost
  8912 | D:11     | Killed an unseen horror
  8912 | D:11     | Reached XP level 12. HP: 69/96 MP: 4/4
  9003 | D:11     | Reached ***** piety under Qazlal
  9293 | D:11     | Reached skill level 15 in Armour
  9669 | D:12     | Reached skill level 15 in Shields
  9682 | D:12     | Annihilated by a titanic slime creature

Vault maps used:
D:1:      sevenhm_arrival_forest_fort_small_3, serial_bayou_lake_a
D:2:      old_standard_altar, minmay_misc_feat_four_crosses, uniq_robin
D:3:      first_bread, kennysheep_generic_room_14
D:4:      grunt_temple_overflow_lords_of_destruction, lemuel_doored_altar,
          minmay_temple_entry_hall, serial_shops, shop
D:5:      overflow_temple_1_default, grunt_temple_overflow_open,
          nicolae_overflow_crystal_walls, uniq_prince_ribbit1, uniq_sigmund
D:7:      kennysheep_mini, cheibrodos_ashenzari_chains, zin_academy,
          uniq_duvessa, uniq_pikel
D:8:      serial_shops, shop
D:9:      serial_corexii_hall, corexii_hall_statues_i, corexii_hall_statues_l,
          serial_shops, shop, dk_vineyard_2, blue_anna_alchemist
D:10:     lair_0_dummy, hiddenorc1_lemuel, trove_entry_hex_spiral, uniq_harold
Temple:   hc_temple_tempest_star_small
Lair:1:   kennysheep_abandoned_house, minivault_25, uniq_gastronok

Action                   |  1- 3 |  4- 6 |  7- 9 | 10-12 || total
-------------------------+-------+-------+-------+-------++-------
Melee: War axe           |    81 |   147 |   422 |   399 ||  1049
       Spear             |       |       |       |   295 ||   295
 Abil: Device Recharging |       |       |     3 |     7 ||    10
       Evoke Berserk Rag |       |       |       |     1 ||     1
Evoke: Wand              |       |     3 |    14 |    23 ||    40
  Use: Scroll            |       |    11 |     2 |    16 ||    29
       Potion            |       |     1 |     2 |     4 ||     7
  Eat: Chunk             |       |     4 |     8 |    24 ||    36
       Fruit             |       |       |       |     3 ||     3
